 Dungeon Crawl Stone Soup version 0.27-a0-972-gd1521fd518 (webtiles) character file.

Game seed: 11368132568875701137

11 Alarkh the Insei (level 2, 0/21 HPs)
             Began as a Demonspawn Transmuter on Apr 13, 2021.
             Slain by a jackal (2 damage)
             ... on level 1 of the Dungeon.
             The game lasted 00:00:47 (271 turns).

Alarkh the Insei (Demonspawn Transmuter)             Turns: 271, Time: 00:00:48

Health: 0/21       AC:  2    Str: 10    XL:     2   Next: 13%
Magic:  4/5        EV: 12    Int: 14    God:
Gold:   2          SH:  0    Dex: 13    Spells: 4/5 levels left

rFire    . . .     SeeInvis .     - Unarmed
rCold    . . .     Faith    .   (no shield)
rNeg     . . .     Spirit   .   a - +0 robe
rPois    .         Reflect  .   (helmet currently unavailable)
rElec    .         Harm     .   (no cloak)
rCorr    .         Rampage  .   (no gloves)
Will     .....                  (boots currently unavailable)
Stlth    +.........             (no amulet)
HPRegen  0.07/turn              (no ring)
MPRegen  0.18/turn              (no ring)

@: appendages
A: horns 2, talons 2, magic regeneration
a: End Transformation


You were on level 1 of the Dungeon.
You had temporarily grown beastly horns and talons.
You visited 1 branch of the dungeon, and saw 1 of its levels.

You collected 2 gold pieces.

Inventory:

Armour
 a - a +0 robe (worn)


   Skills:
 + Level 1.3 Fighting
 - Level 1.7 Dodging
 * Level 3.0 Unarmed Combat
 + Level 2.1 Spellcasting
 + Level 2.0 Transmutations


You had 4 spell levels left.
You knew the following spells:

 Your Spells              Type           Power      Damage    Failure   Level
a - Beastly Appendage     Tmut           14%        N/A       11%         1

Your spell library contained the following spells:

 Spells                   Type           Power      Damage    Failure   Level
 Wereblood                Tmut           7%         N/A       16%         2
 Spider Form              Tmut/Pois      2%         N/A       43%         3
 Ice Form                 Ice/Tmut       4%         N/A       83%         4
 Hydra Form               Tmut           3%         N/A       96%         5


Dungeon Overview and Level Annotations

Branches:
Dungeon (1/15)

Altars:


Innate Abilities, Weirdness & Mutations

You have temporarily grown beastly horns and talons.
You regenerate magic rapidly.


Message History

The jackal is severely wounded.
The jackal bites you. The jackal misses you.
A rat comes into view.
The jackal misses you. x2
You hit the jackal but do no damage. Your kick misses the jackal.
The jackal is heavily wounded.
The jackal barely misses you.
The jackal bites you but does no damage.
You hit the jackal. Your headbutt misses the jackal.
The jackal is severely wounded.
A jackal comes into view.
The jackal bites you. The jackal misses you.
The jackal moves out of view.
You hit the jackal but do no damage. Your kick misses the jackal.
The jackal is severely wounded.
The jackal barely misses you. x2; The jackal closely misses you.
Casting: Beastly Appendage (safe; 11% risk of failure)
Confirm with . or Enter, or press ? or * to list all spells.
You extend your transformation's duration.
The jackal bites you.
* * * LOW HITPOINT WARNING * * *
Unknown command.
You hit the jackal.
You kill the jackal!
Your Unarmed Combat skill increases to level 3!
Your Transmutations skill increases to level 2!
You hit the jackal but do no damage. You claw the jackal.
The jackal is heavily wounded.
The jackal misses you.
The rat twitches its whiskers.
You hit the jackal. Your headbutt misses the jackal.
The jackal is severely wounded.
The jackal bites you.
* * * LOW HITPOINT WARNING * * *
The jackal bites you.
* * * LOW HITPOINT WARNING * * *
You closely miss the jackal. Your kick misses the jackal.
Your headbutt misses the jackal.
The jackal is severely wounded.
The jackal bites you.
You die... h

. .#. ... ## #.#
.###### #r#
....._# #h#######
.####.# #gh......
## #.# #h# #
##.##########@#
####..)#.........#
.....#...........#
####...#.#########
##.##.# #.##.#
#.##.# #.##.#
#....#


You could see 3 jackals, a goblin and a rat.

Vanquished Creatures
  A hobgoblin (D:1)
  4 jackals (D:1)
  A frilled lizard (D:1)
  3 kobolds (D:1)
  2 rats (D:1)
11 creatures vanquished.

Notes
Turn   | Place    | Note
-------+----------+-------------------------------------------
     0 | D:1      | Alarkh the Demonspawn Transmuter began the quest for the
                  | Orb.
     0 | D:1      | Reached XP level 1. HP: 15/15 MP: 3/3
   183 | D:1      | Found a faded altar of an unknown god.
   258 | D:1      | Gained mutation: You regenerate magic rapidly. [demonic
                  | ancestry]
   258 | D:1      | Reached XP level 2. HP: 13/21 MP: 3/5
   269 | D:1      | Reached skill level 3 in Unarmed Combat
   271 | D:1      | Slain by a jackal

Illustrated notes

Levels and vault maps discovered:
D:1:      zelgadis_glass_arrival_small, layout_loops_ring,
          basic_ecumenical_altar

Skill      XL: |  1  2 |
---------------+-------+-----
Unarmed Combat | 3 |  3.0
Transmutations | 2 |  2.0
Fighting       | |  1.3
Dodging        | |  1.7
Spellcasting   | |  2.1

Action                   || total
-------------------------++-------
Melee: Unarmed           ||    34
       Kick              ||     6
       Headbutt          ||     1
       Punch             ||     1
 Cast: Beastly Appendage ||     6
Armor: Robe              ||     6
Dodge: Dodged            ||    21

Table legend: (Time is in decaauts)
 A = Elapsed time spent in this place.
 B = Non-inter-level travel time spent in this place.
 C = Inter-level travel time spent in this place.
 D = Time resting spent in this place.
 E = Time spent auto-exploring this place.
 F = Levels seen in this place.
 G = Mean time per level.
                   A        B        C        D        E       F      G
               +--------+--------+--------+--------+--------+-----+--------+
         Total |    268 |    268 |      0 |      0 |    213 |   1 |  268.0 |
       Dungeon |    268 |    268 |      0 |      0 |    213 |   1 |  268.0 |
               +--------+--------+--------+--------+--------+-----+--------+

Top non-repeatable levels by time:
     D:1: 268 daAuts
